 Dungeon Crawl Stone Soup version 0.29.0-4-gdea44cf6ec (webtiles) character file.

Game seed: 15293379280025988998

94 qw the Chopper (level 4, -1/26 HPs)
             Began as a Tengu Warper on Aug 28, 2022.
             Slain by an orc
             ... wielding a +0 hand axe
              (3 damage)
             ... on level 6 of the Dungeon.
             The game lasted 00:00:13 (2224 turns).

qw the Chopper (Tengu Warper)                       Turns: 2224, Time: 00:00:14

Health: -1/26      AC:  3    Str: 14    XL:     4   Next: 63%
Magic:  8/8        EV: 12    Int: 13    God:
Gold:   160        SH:  0    Dex: 19    Spells: 7/7 levels left

rFire   . . .      SeeInvis .   Y - +1 hand axe
rCold   . . .      Faith    .   (no shield)
rNeg    . . .      Spirit   .   b - +0 leather armour
rPois   .          Reflect  .   (helmet restricted)
rElec   .          Harm     .   (no cloak)
rCorr   .          Rampage  .   (no gloves)
Will    .....                   (boots unavailable)
Stlth   +.........              (no amulet)
HPRegen 0.08/turn               i - +6 ring of dexterity
MPRegen 0.11/turn               (no ring)

@: no status effects
A: beak, talons 3
a: no special abilities


You were on level 6 of the Dungeon.
You visited 1 branch of the dungeon, and saw 4 of its levels.

You collected 160 gold pieces.


Innate Abilities, Weirdness & Mutations

You have a beak for a mouth.
You have claws for feet.


   Skills:
 - Level 2.0 Fighting
 + Level 5.2 Axes
 - Level 1.0 Throwing
 - Level 1.1 Armour
 - Level 2.1 Dodging
 - Level 2.0 Spellcasting
 - Level 2.4 Translocations


You had 7 spell levels left.
You didn't know any spells.
Your spell library contained the following spells:

 Spells                   Type           Power      Damage    Failure   Level
 Blink                    Tloc           14%        N/A       19%         2
 Gell's Gravitas          Tloc           7%         N/A       34%         3
 Lesser Beckoning         Tloc           7%         N/A       34%         3
 Teleport Other           Tloc           7%         N/A       34%         3
 Manifold Assault         Tloc           7%         N/A       97%         5

Inventory:

Hand Weapons
 e - a +0 club
 Y - a +1 hand axe (weapon)
Armour
 b - a +0 leather armour (worn)
 j - a +0 chain mail
Jewellery
 a - a ring of fire
 i - a +6 ring of dexterity (left hand)
Scrolls
 h - a scroll of identify
 k - a scroll of enchant armour {unknown}
Potions
 d - 2 potions of curing
 f - a potion of degeneration {unknown}
 g - a potion of haste {unknown}

Dungeon Overview and Level Annotations

Branches:
Dungeon (6/15)
 Temple: D:4-7

Altars:

Shops:
D:1 :


Message History

You hit the ice beast. You claw the ice beast.
The ice beast is moderately wounded.
The ice beast hits you. The ice beast freezes you!
You hit the ice beast.
The ice beast is moderately wounded.
The ice beast hits you but does no damage.
You hit the ice beast.
You claw the ice beast, but do no damage.
You peck the ice beast, but do no damage.
The ice beast is heavily wounded.
The ice beast hits you. The ice beast freezes you!
2219 ||| READING scroll of teleportation.
As you read the scroll of teleportation, it crumbles to dust.
You feel strangely unstable.
You hear the slow rusting of a very distant drain.
The ice beast hits you but does no damage.
You hit the ice beast but do no damage.
You claw the ice beast, but do no damage.
The ice beast is heavily wounded.
The ice beast barely misses you.
You hit the ice beast but do no damage.
You peck the ice beast, but do no damage.
The ice beast is heavily wounded.
The ice beast closely misses you.
You hit the ice beast.
You peck the ice beast, but do no damage.
The ice beast is severely wounded.
Your surroundings suddenly seem different.
An orc wizard and 3 orcs come into view.
The orc wizard is wielding a +2 dagger of speed.
Found a hand axe.
Found a stone staircase leading down.
The orc shouts! x2
An orc wizard comes into view. It is wielding a +0 dagger.
Enter note: The orc shouts!
The orc wizard shouts!
The orc closely misses you.
You hit the orc. Your peck misses the orc.
The orc is severely wounded.
The orc hits you with a +0 hand axe.
You die...

#..........
#..........
#..........
#..........
#..........
#..........
#>.......).
#..@o...o..
........oo.o....
......##........
...... .........
..... .........
..... #.........
.... #.........
#### #.........


You could see 2 orc wizards and 3 orcs.

Vanquished Creatures
  4 adders
  2 worms (D:2)
  10 endoplasms
  4 giant cockroaches
  7 goblins
  5 hobgoblins
  2 kobolds (D:1)
  2 quokkas
  3 ball pythons (D:1)
  4 bats
  3 rats
46 creatures vanquished.

Vanquished Creatures (others)
  2 plants (D:1)
2 creatures vanquished.

Grand Total: 48 creatures vanquished

Notes
Turn   | Place    | Note
-------+----------+-------------------------------------------
     0 | D:1      | qw the Tengu Warper began the quest for the Orb.
     0 | D:1      | Reached XP level 1. HP: 12/12 MP: 4/4
     0 | D:1      | 0 ||| qw: Version: 0.1-a-89-g26bdef1
     0 | D:1      | 0 ||| qw: Game counter: 334
     0 | D:1      | 0 ||| qw: Always use a shield: true
     0 | D:1      | 0 ||| qw: God list: Okawaru
     0 | D:1      | 0 ||| qw: Allow faded altars: false
     0 | D:1      | 0 ||| qw: Do Orc after D:15 true
     0 | D:1      | 0 ||| qw: Do second Lair branch before Depths: true
     0 | D:1      | 0 ||| qw: Lair rune preference: random
     0 | D:1      | 0 ||| qw: Plans: Normal
     0 | D:1      | 0 ||| PLANNING D:1-11
    50 | D:1      | 50 ||| Stepping ~*~*~tactically~*~*~ (stealth).
   152 | D:1      | Reached skill level 3 in Axes
   152 | D:1      | Reached XP level 2. HP: 17/17 MP: 6/6
   249 | D:1      | Found a faded altar of an unknown god.
   341 | D:1      | 341 ||| Stepping ~*~*~tactically~*~*~ (stealth).
   405 | D:1      | Found Xucufu Xine's Book Emporium.
   450 | D:1      | Reached XP level 3. HP: 21/21 MP: 7/7
   760 | D:1      | 760 ||| UPGRADING to +6 ring of dexterity.
   761 | D:1      | 761 ||| READING scroll labelled DOILICZ HISOXE.
   766 | D:1      | 766 ||| READING 2 scrolls labelled ZIEGAT WECEFF.
   767 | D:1      | 767 ||| DROPPING scroll of blinking.
   823 | D:2      | Reached skill level 4 in Axes
  1090 | D:2      | HP: 5/21 [bat (1)]
  1100 | D:2      | HP: 3/21 [bat (1)]
  1483 | D:2      | Reached XP level 4. HP: 26/26 MP: 8/8
  1505 | D:2      | 1505 ||| Stepping ~*~*~tactically~*~*~ (stealth).
  1876 | D:2      | 1876 ||| READING scroll labelled NUEJOBBAUDE.
  1877 | D:2      | 1877 ||| READING scroll labelled BIAPTYPHUT.
  1878 | D:2      | 1878 ||| READING scroll labelled VANOGIKLEIRUE.
  1879 | D:2      | 1879 ||| DRINKING 3 fizzy white potions.
  1896 | D:3      | 1896 ||| STAIRDANCE
  1987 | D:3      | Reached skill level 5 in Axes
  2169 | D:3      | You fall into a shaft and drop 3 floors!
  2171 | D:6      | 2171 ||| PLANNING SEWER
  2205 | D:6      | Noticed an ice beast
  2218 | D:6      | HP: 2/26 [ice beast (12)]
  2219 | D:6      | 2219 ||| READING scroll of teleportation.
  2224 | D:6      | Slain by an orc

Levels and vault maps discovered:
D:1:      nzn_arrival_settlement, layout_basic, serial_shops, shop,
          dreamdust_ecumenical_altar_hidden_monk_grotto
D:2:      layout_rooms, minmay_domino_2
D:3:      layout_loops_ring
D:6:      layout_basic, ebering_ghost_inner_flame, gup_sewer_entry_glass,
          hangedman_decor_peaks_small, uniq_sigmund, uniq_maggie, uniq_duvessa

Skill      XL: |  1  2  3  4 |
---------------+-------------+-----
Axes           | 3 4 5 |  5.2
Fighting       | |  2.0
Throwing       | |  1.0
Armour         | |  1.1
Dodging        | |  2.1
Spellcasting   | |  2.0
Translocations | |  2.4

Action                   |  1- 3 |  4- 6 || total
-------------------------+-------+-------++-------
Melee: Hand axe          |    91 |    39 ||   130
       Kick              |    22 |     8 ||    30
       Peck              |    15 |     6 ||    21
       Punch             |     1 |       ||     1
Throw: Boomerang         |     7 |       ||     7
  Use: Scroll            |     2 |     4 ||     6
       Potion            |       |     1 ||     1
 Stab: Sleeping          |       |     1 ||     1
Armor: Leather armour    |    25 |     5 ||    30
Dodge: Dodged            |    64 |    21 ||    85

Table legend:
 A = Non-vault XP
 B = Vault XP
 C = Vault XP percentage of total XP
 D = Non-vault monster count
 E = Vault monster count
 F = Vault count percentage of total count
                 A         B        C        D         E       F
            +---------+---------+-------+---------+---------+-------
      Total |     135 |       0 |   0.0 |      46 |       0 |   0.0
            +---------+---------+-------+---------+---------+-------
        D:1 |      38 |       0 |   0.0 |      21 |       0 |   0.0
        D:2 |      61 |       0 |   0.0 |      18 |       0 |   0.0
        D:3 |      36 |       0 |   0.0 |       7 |       0 |   0.0
            +---------+---------+-------+---------+---------+-------
